cohdb
Replays
Latest Replays
All Replays
Popular Replays
Top Player Replays
Match Explorer
How It Works
Community
CoH3 Stats
Reddit
Sign in to upload your games and track your stats! →
Sign in with Steam
Match 42485727
Unlisted
Match 42485727
Overview
Messages
Build Orders
End
Panzergrenadier Squad
Kradschützen Motorcycle Team
Panzergrenadier Squad
Construct Light Support Kompanie
Fire Support Elements
Panzerjäger Squad
Assault Mechanized Group
2.5-tonne Medical Truck
Veteran Squad Leaders
le.IG 18 Mechanized Group
Construct Panzerarmee Kommand
Panzer III L Medium Tank
Panzer III L Medium Tank
Vehicle Survival Package
Assault Mechanized Group
Rapid Advance
Advanced Optics
Selects Panzerjäger Kommand Battlegroup
Selects Tank Busters
Selects Crew Shock Tactics
Selects Elefant Tank Destroyer
Elefant Tank Destroyer
Selects Mine Fields
Selects Defensive Positions
Armored Reserves
Selects Butterfly Bomb Drop
Tiger Heavy Tank
Butterfly Bomb Drop
Butterfly Bomb Drop
Flak 36 Anti-tank Gun Team
Handbanana
IronChest
Insomniac
fox.hound
0
0
Comments
sign in to comment!
No comments posted yet!